 Dungeon Crawl Stone Soup version 0.30-a0-12-gd8047c6341 (webtiles) character file.

Game seed: 4882954349604907352

485 NinjaNoafa the Stinger (level 6, 0/47 HPs)
             Began as a Draconian Venom Mage on Aug 23, 2022.
             Slain by a wyvern (3 damage)
             ... in the Ecumenical Temple.
             The game lasted 00:10:36 (4914 turns).

NinjaNoafa the Stinger (Draconian Venom Mage)       Turns: 4914, Time: 00:10:36

Health: 0/47       AC:  7    Str: 10    XL:     6   Next: 88%
Magic:  9/9        EV: 12    Int: 17    God:
Gold:   155        SH:  0    Dex: 12    Spells: 8/9 levels left

rFire   . . .      SeeInvis .    w - staff of death
rCold   . . .      Faith    .    (no shield)
rNeg    + . .      Spirit   .    (body armour unavailable)
rPois   .          Reflect  .    (helmet restricted)
rElec   .          Harm     .    t - +0 cloak
rCorr   +          Rampage  .    (no gloves)
Will    .....                    (no boots)
Stlth   ++........               k - amulet of magic regeneration
HPRegen 0.15/turn                q - +4 ring of slaying
MPRegen 0.51/turn                s - ring of resist corrosion

@: brilliant, about to teleport
A: AC +6, unfitting armour, cold-blooded
a: no special abilities


You were in the Ecumenical Temple.
You visited 2 branches of the dungeon, and saw 7 of its levels.

You collected 155 gold pieces.

Inventory:

Hand Weapons
 c - a +1 spectral quarterstaff
Missiles
 h - 42 stones
 i - 8 poisoned darts
Armour
 t - a +0 cloak (worn)
Magical Staves
 w - a staff of death (weapon)
Jewellery
 b - a ring of protection from fire
 k - an amulet of magic regeneration (around neck)
 q - a +4 ring of slaying (left hand)
 s - a ring of resist corrosion (right hand)
Wands
 p - a wand of flame (20)
Scrolls
 j - 2 scrolls of teleportation
 o - 3 scrolls of identify
 v - 2 scrolls of enchant armour
Potions
 a - a potion of magic
 f - 2 potions of brilliance
 g - 2 potions of attraction {unknown}
 l - 2 potions of heal wounds {unknown}
 m - a potion of mutation {unknown}
 n - 2 potions of lignification {unknown}
 r - a potion of berserk rage {unknown}
 u - a potion of curing {unknown}
 x - 2 potions of haste {unknown}


   Skills:
 + Level 1.6 Fighting
 + Level 1.4 Staves
 - Level 3.0 Dodging
 - Level 3.0 Stealth
 - Level 2.0 Spellcasting
 - Level 3.0 Transmutations
 - Level 5.0 Poison Magic
 + Level 2.4 Evocations


You had 8 spell levels left.
You knew the following spells:

 Your Spells              Type           Power      Damage    Failure   Level
a - Sting                 Tmut/Pois      88%        1d7       3%          1

Your spell library contained the following spells:

 Spells                   Type           Power      Damage    Failure   Level
 Poisonous Vapours        Pois/Air       30%        N/A       11%         2
 Olgreb's Toxic Radiance  Pois           28%        N/A       24%         4
 Mephitic Cloud           Conj/Pois/Air  11%        N/A       30%         3
 Leda's Liquefaction      Hex/Erth       1%         N/A       88%         4
 Lee's Rapid Deconstruct  Erth           1%         3d5*      99%         5
 Dispersal                Tloc           1%         N/A       100%        6
 Statue Form              Tmut/Erth      6%         N/A       100%        6
 Disjunction              Tloc           1%         N/A       100%        8


Dungeon Overview and Level Annotations

Branches:
Dungeon (6/15)             Temple (1/1) D:6

Altars:
Cheibriados
Dithmenos
Elyvilon
Hepliaklqana
Okawaru
Ru
Sif Muna
Vehumet
Xom
The Shining One


Innate Abilities, Weirdness & Mutations

Your plain brown scales are hard. (AC +6)
You cannot fit into any form of body armour.
You are cold-blooded and may be slowed by cold attacks.


Message History

Your Dodging skill increases to level 3!
Found a scroll labelled NUYTHIALU VOETI.
You see here a hound corpse.
o - 4 scrolls labelled NUYTHIALU VOETI (gained 1)
h - 42 stones (gained 3)
Found a staircase to the Ecumenical Temple.
Found a stone staircase leading up.
There is a fountain of clear blue water here.
Found a book of the Warp.
There is a staircase to the Ecumenical Temple here.
A wyvern comes into view.
You see here a book of the Warp.
You pick up a book of the Warp and begin reading...
You add the spells Dispersal and Disjunction to your library.
A jelly comes into view.
The jelly quivers.
The wyvern hisses angrily.
There is a staircase to the Ecumenical Temple here.
The wyvern bites you!
You climb downwards.
Welcome to the Ecumenical Temple!
Found eight altars.
There is a staircase back to the Dungeon here.
Okay, then.
As you read the scroll labelled JYONNY UFIADA, it crumbles to dust.
You feel aware of your surroundings.
You sensed 6 altars.
It was a scroll of magic mapping.
The wyvern bites you. The wyvern bites you!
As you read the scroll labelled LYSCHY LEUCS, it crumbles to dust.
You feel strangely unstable.
It was a scroll of teleportation.
The wyvern bites you!
* * * LOW HITPOINT WARNING * * *
As you read the scroll labelled NUYTHIALU VOETI, it crumbles to dust.
It is a scroll of identify.
v - 2 scrolls of enchant armour The wyvern barely misses you.
The wyvern closely misses you. The wyvern bites you.
* * * LOW HITPOINT WARNING * * *
It was a potion of brilliance.
You feel clever all of a sudden. The wyvern bites you.
You die...

*,,,** **,**,,,* *,,, *,_.*
####.***._,* *,_, **,..#*
*...#**#..,****,,,
**,**#.#**._.#*#.#**,**,***
**,** *#.#*...*#.#****,,** **,**
*#.##.##.#***,,*,** ****,**
##**#.#.#.#***.****,***
*,,,****##...##.l.##...#*****,,,
*,_,,,,,..._...@<...._..,,,,,,_,
*,,,****##...##...##...#*****,,,
****,***#.#**#.#.#.#***# **,***
**,*,,***#.##.##.#* **,**
**,,****#.#*...*#.#* **,**
****,**,**#.#**._.#*#.#**,**
*,,,****,..#***...# *#..,**
*,_,* *,_.***.#### *._,* *,,,*
*,,,**,** **,,,*


You could see a wyvern.

Vanquished Creatures
  Sigmund (D:4)
  A phantom (D:4)
  A howler monkey (D:4)
  2 hounds
  An iguana (D:5)
  6 adders
  2 worms (D:2)
  2 dart slugs
  2 orcs
  3 bats
  4 endoplasms
  3 giant cockroaches
  7 goblins
  5 hobgoblins
  5 quokkas
  7 ball pythons
  5 frilled lizards
  5 kobolds
  6 rats
68 creatures vanquished.

Notes
Turn   | Place    | Note
-------+----------+-------------------------------------------
     0 | D:1      | NinjaNoafa the Draconian Venom Mage began the quest for the
                  | Orb.
     0 | D:1      | Reached XP level 1. HP: 14/14 MP: 3/3
   338 | D:1      | Reached XP level 2. HP: 20/20 MP: 1/5
   951 | D:2      | You fall into a shaft and drop 1 floor!
  1142 | D:2      | Reached XP level 3. HP: 11/26 MP: 4/6
  2174 | D:3      | Reached skill level 4 in Poison Magic
  2231 | D:3      | Reached XP level 4. HP: 33/33 MP: 7/7
  2973 | D:3      | Found a faded altar of an unknown god.
  3046 | D:3      | Found a snail-covered altar of Cheibriados.
  3402 | D:4      | Noticed Sigmund
  3414 | D:4      | Killed Sigmund
  3415 | D:4      | Reached skill level 5 in Poison Magic
  3415 | D:4      | Reached skill level 1 in Evocations
  3415 | D:4      | Reached XP level 5. HP: 20/38 MP: 6/8
  3415 | D:4      | Reached XP level 6. HP: 23/45 MP: 6/9
  3714 | D:4      | Found a shadowy altar of Dithmenos.
  3817 | D:4      | Reached skill level 1 in Fighting
  3828 | D:4      | Reached skill level 1 in Staves
  4489 | D:5      | Entered Level 5 of the Dungeon
  4530 | D:5      | Noticed an acid dragon
  4889 | D:6      | Found a staircase to the Ecumenical Temple.
  4898 | D:6      | Noticed a wyvern
  4909 | Temple   | Entered the Ecumenical Temple
  4913 | Temple   | HP: 2/47 [wyvern (4)]
  4914 | Temple   | Slain by a wyvern

Illustrated notes

Levels and vault maps discovered:
D:1:      nzn_arrival_depleted_hourglass, layout_basic, solitary_fountain
D:2:      layout_basic, nicolae_concentric_dashed_squares_wild
D:3:      layout_loops_corners, lemuel_coloured_pillars_altar, serial_glass,
          glass_columns_c, glass_columns_b, chequers_ecumenical_altar_grove,
          st_stairs_2, kennysheep_minor_cross, minmay_unequal
D:4:      layout_layer_cave, lemuel_tele_altar, uniq_sigmund
D:5:      layout_cave_pods, nemelex_diamond_rough_becter, minmay_hedge_maze
D:6:      layout_basic, mainiacjoe_overflow_boulevard,
          minmay_temple_entry_junction
Temple:   eino_narrow_crystal_temple

Skill      XL: |  1  2  3  4  5  6 |
---------------+-------------------+-----
Transmutations | 2 3 |  3.0
Poison Magic   | 4 5 |  5.0
Dodging        | 2 3 |  3.0
Stealth        | 2 3 |  3.0
Evocations     | 1 2 |  2.4
Fighting       | 1 |  1.6
Staves         | 1 |  1.4
Spellcasting   | |  2.0

Action                   |  1- 3 |  4- 6 || total
-------------------------+-------+-------++-------
Melee: Dagger            |    34 |       ||    34
       Tailslap          |     6 |     5 ||    11
       Quarterstaff      |    21 |     6 ||    27
       Punch             |     1 |       ||     1
       Staff             |       |    43 ||    43
 Cast: Sting             |    44 |    45 ||    89
  Use: Scroll            |       |     5 ||     5
       Potion            |       |     1 ||     1
Armor: Skin              |    16 |    25 ||    41
Dodge: Dodged            |    46 |    53 ||    99

Table legend: (Time is in decaauts)
 A = Elapsed time spent in this place.
 B = Non-inter-level travel time spent in this place.
 C = Inter-level travel time spent in this place.
 D = Time resting spent in this place.
 E = Time spent auto-exploring this place.
 F = Levels seen in this place.
 G = Mean time per level.
                   A        B        C        D        E       F      G
               +--------+--------+--------+--------+--------+-----+--------+
         Total |   4933 |   4753 |    180 |    443 |   3690 |   7 |  704.7 |
       Dungeon |   4928 |   4748 |    180 |    443 |   3690 |   6 |  821.3 |
        Temple |      4 |      4 |      0 |      0 |      0 |   1 |    4.0 |
               +--------+--------+--------+--------+--------+-----+--------+

Top non-repeatable levels by time:
     D:4: 1335 daAuts
     D:2: 1211 daAuts
     D:3: 1095 daAuts
     D:1: 865 daAuts
     D:6: 370 daAuts
     D:5: 50 daAuts
  Temple: 4 daAuts
